 Dungeon Crawl Stone Soup version 0.28.0 (webtiles) character file.

Game seed: 11998842591732192716

576 Armakuni the Changer (level 7, 40/40 HPs)
             Began as a Deep Elf Transmuter on Feb 8, 2022.
             Quit the game on level 4 of the Dungeon on Feb 9, 2022.
             The game lasted 00:12:02 (5625 turns).

Armakuni the Changer (Deep Elf Transmuter)          Turns: 5625, Time: 00:12:02

Health: 40/40      AC:  3    Str: 13    XL:     7   Next: 13%
Magic:  16/16      EV: 12    Int: 20    God:
Gold:   151        SH:  0    Dex: 15    Spells: 0/16 levels left

rFire   . . .      SeeInvis .   a - +0 dagger (speed)
rCold   . . .      Faith    .   (no shield)
rNeg    . . .      Spirit   .   d - +1 robe
rPois   .          Reflect  .   e - +0 hat
rElec   .          Harm     .   (no cloak)
rCorr   .          Rampage  .   (no gloves)
Will    .....                   (no boots)
Stlth   +.........              (no amulet)
HPRegen 0.13/turn               V - +6 ring of strength
MPRegen 0.15/turn               (no ring)

@: no status effects
A: no striking features
a: no special abilities


You were on level 4 of the Dungeon.
You visited 1 branch of the dungeon, and saw 4 of its levels.

You collected 151 gold pieces.

Inventory:

Hand Weapons
 a - a +0 dagger of speed (weapon)
Missiles
 f - 9 javelins
Armour
 d - a +1 robe (worn)
 e - a +0 hat (worn)
Jewellery
 V - a +6 ring of strength (left hand)
Wands
 v - a wand of flame (5)
Scrolls
 b - 3 scrolls of identify
 h - a scroll of teleportation
Potions
 c - 3 potions of heal wounds
 g - a potion of haste


   Skills:
 - Level 2.6 Fighting
 - Level 2.4 Dodging
 - Level 2.4 Unarmed Combat
 - Level 5.0 Spellcasting
 - Level 6.0 Transmutations
 + Level 1.5 Ice Magic
 - Level 3.0 Poison Magic


You couldn't memorise any spells.
You knew the following spells:

 Your Spells              Type           Power      Damage    Failure   Level
a - Ozocubu's Armour      Ice            11%        N/A       19%         3
h - Spider Form           Tmut/Pois      23%        N/A       5%          3
m - Mephitic Cloud        Conj/Pois/Air  9%         N/A       22%         3
n - Ice Form              Ice/Tmut       20%        N/A       24%         4
o - Beastly Appendage     Tmut           58%        N/A       1%          1
w - Wereblood             Tmut           29%        N/A       1%          2

Your spell library contained the following spells:

 Spells                   Type           Power      Damage    Failure   Level
 Magic Dart               Conj           20%        1d4       12%         1
 Call Imp                 Summ           5%         N/A       17%         2
 Metabolic Englaciation   Hex/Ice        4%         N/A       93%         5
 Simulacrum               Ice/Necr       4%         N/A       100%        6


Dungeon Overview and Level Annotations

Branches:
Dungeon (4/15)
 Temple: D:4-7

Altars:
Hepliaklqana

Shops:
D:1 =


Message History

You hit the phantom.
You destroy the phantom!
Your transformation is almost over.
Training target 6.0 for Transmutations reached!
Your Transmutations skill increases to level 6!
You need to enable at least one skill for training.
Your Ice Magic skill increases to level 1!
You have reached level 7!
You start resting.
Your transformation has ended.
Your +0 dagger of speed unmelds from your body.
Your +0 hat unmelds from your body.
Your +1 robe unmelds from your body.
Your hands tingle!
This spell is quite dangerous to cast!
Memorise Mephitic Cloud, consuming 3 spell levels and leaving 0?
You start memorising the spell.
You continue memorising. x3
Magic restored.
You finish memorising.
Spell assigned to 'b'.
Adjust (i)tems, (s)pells, or (a)bilities?
Adjust which spell? b - Mephitic Cloud Adjust to which letter? m - Mephitic Cloud Unknown command.
Unknown command.
Okay, then.
Saving game... please wait.
Welcome back, Armakuni the Deep Elf Transmuter.
Press ? for a list of commands and other information.
Unknown command.
Unknown command.
Okay, then.
Okay, then.
Okay, then.
You open the door.
There is an open door here.
A ball python comes into view.
The ball python hisses angrily.
You hear a shout!
A howler monkey comes into view.
Are you sure you want to abandon this character and quit the game? (Confirm with "yes".)

.....# .# ###..##.#..#.#####.
.....#####.# #..#####.#..#.##..#
...........# ###..#.h##.#..#.##..
...........# #..###S. ##.#..#..##
.####......####..#.. ##.#.....#
.# #......##..###.# ##.#..### .#
#..)...###..#..# ##.#..#
.####......#..###.# ##..##
....#......#...'@.# ##.+
....#......##.###################
.................................
###.#.....#.###########.#########
#.#................##.######...
#.#.#####.########............#
#.#.# #.......#..............#
#.#.# #..####.#.#............#
#.#.# #..# #...#.##########.#


You could see a howler monkey (wandering) and a ball python.

Vanquished Creatures
  An ice beast (D:4)
  2 phantoms (D:4)
  2 scorpions (D:4)
  Terence (D:2)
  2 orc wizards (D:4)
  An adder skeleton (D:4)
  4 worms
  2 dart slugs (D:1)
  16 orcs
  5 endoplasms
  6 giant cockroaches
  11 hobgoblins
  9 kobolds
  7 quokkas
  4 ball pythons
  8 bats
  2 frilled lizards
  8 goblins
  8 rats
99 creatures vanquished.

Notes
Turn   | Place    | Note
-------+----------+-------------------------------------------
     0 | D:1      | Armakuni the Deep Elf Transmuter began the quest for the
                  | Orb.
     0 | D:1      | Reached XP level 1. HP: 11/11 MP: 6/6
   105 | D:1      | Found Jootabam's Jewellery Shoppe.
   126 | D:1      | Found a faded altar of an unknown god.
   133 | D:1      | Reached skill level 1 in Fighting
   448 | D:1      | Reached XP level 2. HP: 13/17 MP: 6/8
  1203 | D:1      | Learned a level 2 spell: Wereblood
  1359 | D:1      | Reached XP level 3. HP: 22/22 MP: 7/9
  1907 | D:2      | Learned a level 3 spell: Spider Form
  1958 | D:2      | Reached skill level 1 in Poison Magic
  2300 | D:2      | Noticed Terence
  2311 | D:2      | Killed Terence
  2312 | D:2      | Reached XP level 4. HP: 23/27 MP: 7/10
  2596 | D:2      | Found a hazy altar of Hepliaklqana.
  3789 | D:3      | Reached skill level 3 in Transmutations
  3982 | D:4      | Noticed a phantom
  4044 | D:4      | Noticed a scorpion
  4050 | D:4      | Killed a scorpion
  4051 | D:4      | Reached XP level 5. HP: 31/31 MP: 7/12
  4259 | D:4      | Learned a level 4 spell: Ice Form
  4464 | D:4      | Killed a phantom
  4465 | D:4      | Reached skill level 4 in Transmutations
  4465 | D:4      | Reached XP level 6. HP: 25/36 MP: 11/15
  4508 | D:4      | Learned a level 3 spell: Ozocubu's Armour
  4550 | D:4      | Noticed an ice beast
  4566 | D:4      | Killed an ice beast
  4567 | D:4      | Reached skill level 5 in Spellcasting
  4567 | D:4      | Reached skill level 5 in Transmutations
  5580 | D:4      | Reached skill level 6 in Transmutations
  5580 | D:4      | Reached skill level 1 in Ice Magic
  5580 | D:4      | Reached XP level 7. HP: 40/40 MP: 14/16
  5593 | D:4      | Learned a level 3 spell: Mephitic Cloud
  5625 | D:4      | Quit the game

Illustrated notes

Levels and vault maps discovered:
D:1:      dpeg_arrival_concentric_ovals, layout_loops_ring, serial_shops, shop,
          hellmonk_ecumenical_altar_slurped_away
D:2:      layout_basic, basic_altar, minmay_misc_feat_diagonals, uniq_terence
D:3:      layout_basic
D:4:      minmay_razor_zed, layout_basic

Skill      XL: |  1  2  3  4  5  6 |
---------------+-------------------+-----
Fighting       | 1 2 |  2.6
Poison Magic   | 2 3 |  3.0
Transmutations | 3 4 6 |  6.0
Spellcasting   | 4 5 |  5.0
Ice Magic      | 1 |  1.5
Dodging        | |  2.4
Unarmed Combat | |  2.4

Action                   |  1- 3 |  4- 6 |  7- 9 || total
-------------------------+-------+-------+-------++-------
Melee: Unarmed           |    53 |   148 |       ||   201
       Kick              |    17 |       |       ||    17
       Headbutt          |     9 |       |       ||     9
       Short sword       |    24 |       |       ||    24
       Dagger            |    42 |    88 |       ||   130
       Punch             |     2 |     3 |       ||     5
 Cast: Beastly Appendage |    17 |       |       ||    17
       Spider Form       |     6 |    25 |       ||    31
  Use: Scroll            |     2 |     3 |       ||     5
       Potion            |       |     1 |       ||     1
 Stab: Sleeping          |     3 |     2 |       ||     5
Armor: Robe              |    13 |    14 |       ||    27
       Skin              |     2 |    10 |       ||    12
Dodge: Dodged            |    77 |   138 |       ||   215
